 Dungeon Crawl Stone Soup version 0.30-a0-354-g6b83867211 (webtiles) character file.

Game seed: 12908159118240143181

721 Muataran the Ruffian (level 7, -3/68 HPs)
             Began as a Troll Monk on Nov 7, 2022.
             Was a Believer of Makhleb.
             Shot with a bolt by an orc warrior (22 damage)
             ... on level 5 of the Dungeon.
             The game lasted 00:05:28 (2901 turns).

Muataran the Ruffian (Troll Monk)                   Turns: 2901, Time: 00:05:29

Health: -3/68      AC:  5    Str: 20    XL:     7   Next: 42%
Magic:  7/7        EV: 11    Int:  8    God:    Makhleb [**....]
Gold:   175        SH:  0    Dex: 12    Spells: 6/6 levels left

rFire   . . .      SeeInvis .      - Unarmed
rCold   . . .      Faith    .    (no shield)
rNeg    . . .      Spirit   .    a - +0 robe
rPois   .          Reflect  .    (helmet restricted)
rElec   .          Harm     .    h - +0 cloak
rCorr   .          Rampage  .    (gloves unavailable)
Will    .....                    (boots unavailable)
Stlth   ++........               (no amulet)
HPRegen 1.11/turn                (no ring)
MPRegen 0.10/turn                (no ring)

@: no status effects
A: large, unfitting armour, claws 3, regeneration 1, shaggy fur 1, tough skin 1
a: Renounce Religion, Minor Destruction


You were on level 5 of the Dungeon.
You worshipped Makhleb.
Makhleb was pleased with you.
You visited 1 branch of the dungeon, and saw 5 of its levels.

You collected 175 gold pieces.

Inventory:

Armour
 a - a +0 robe (worn)
 h - a +0 cloak (worn)
Jewellery
 d - a ring of willpower
 e - a ring of ice
 g - a +4 ring of protection
 p - a ring of protection from cold
Wands
 f - a wand of flame (9)
Scrolls
 c - 3 scrolls of teleportation
 k - 2 scrolls of immolation {unknown}
 m - 4 scrolls of identify
 q - 2 scrolls of enchant weapon {unknown}
 s - 2 scrolls of noise {unknown}
 t - a scroll of brand weapon {unknown}
 u - a scroll of torment {unknown}
Potions
 b - a potion of ambrosia
 i - 2 potions of curing {unknown}
 j - 4 potions of heal wounds {unknown}
 l - 2 potions of haste
 n - 2 potions of degeneration {unknown}
 o - 2 potions of attraction {unknown}
 r - 2 potions of mutation {unknown}


   Skills:
 + Level 3.9 Fighting
 + Level 4.0 Dodging
 - Level 1.0 Stealth
 * Level 6.2 Unarmed Combat
 + Level 2.2 Invocations


You had 6 spell levels left.
You didn't know any spells.
Your spell library contained the following spells:

 Spells                   Type           Power      Damage    Failure   Level
 Apportation              Tloc           0%         N/A       41%         1
 Vhi's Electric Charge    Tloc/Air       0%         N/A       78%         3
 Alistair's Intoxication  Tmut/Pois      0%         N/A       100%        5
 Arcjolt                  Conj/Air       0%         1d10      100%        5
 Yara's Violent Unravell  Hex/Tmut       0%         3d3       100%        5
 Enfeeble                 Hex            0%         N/A       100%        7
 Maxwell's Capacitive Co  Air            0%         ∞         100%        8


Dungeon Overview and Level Annotations

Branches:
Dungeon (5/15)             Temple (0/1) D:4

Altars:
Makhleb
Nemelex Xobeh
Qazlal
Vehumet
Wu Jian
Yredelemnul
Zin


Innate Abilities, Weirdness & Mutations

You are too large for most types of armour.
You have claws for hands.
Your natural rate of healing is unusually fast.
You are covered in fur. (AC +1)
You have tough skin. (AC +1)


Message History

Makhleb accepts your kill.
You feel better.
The orc warrior unwields a +0 scimitar.
The orc warrior wields a +0 arbalest.
The orc warrior shoots a bolt.
The bolt hits you!
An orc comes into view. It is wielding a +3 hand axe.
The orc shouts!
You claw the orc!
You kill the orc!
Makhleb accepts your kill.
You scratch the orc.
You kill the orc!
Makhleb accepts your kill.
You feel better.
The orc warrior shoots a bolt.
The bolt hits you!
The orc warrior shoots a bolt.
The bolt hits you!
Things that are here:
a +0 flail; a +0 short sword You are too injured to fight recklessly!
You are too injured to fight recklessly!
You are too injured to fight recklessly!
The orc barely misses you.
You scratch the orc but do no damage. The orc closely misses you.
A white imp comes into view.
The white imp shouts, "Face thy fugue, thou tottering full-gorged pimple!"
You claw the orc!
You kill the orc!
Makhleb accepts your kill. The orc barely misses you.
The orc warrior unwields a +0 arbalest.
The orc warrior wields a +0 scimitar.
The orc warrior hits you with a +0 scimitar!
The orc attacks as you move away! The orc hits you with a +3 hand axe!
* * * LOW HITPOINT WARNING * * *
Things that are here:
a +0 flail; a +0 short sword The orc warrior attacks as you move away!
The orc warrior closely misses you.
The white imp shouts, "Slither hence, thou currish common-kissing nightsoil!"
Found a basalt altar of Yredelemnul.
The orc warrior unwields a +0 scimitar.
The orc warrior wields a +0 arbalest.
The orc warrior shoots a bolt.
The bolt hits you!!
You die...

***********#####*
*,,,.,,,,,,..##.#########
*,,,..,****#.#.#...>....#
*,**##.#####..*##.#####.#
,,,,.........## ##.# #.#
,,,,....#.##..###.## #.#
*,*,*#........o#..# #.#
*,*,*#....5.)...#.#####.#
*,*,*#.#.......o@....##.#
,,,,...........P..PP....########
,,,,.#.##.####.PP..P...........#
****,#,*#.,,...PP..PP......###.#
****,*,*#.*###..P..PP...##.# #.#
,,,,,*,*#,* ##.PP..PP.###.# #.#
,,,,,,,,,,* *...PP..P.# #.# #.#
,,,,,,,,,,* *._.PP..P.# #.# #.#
****,****,* *,,.PP..P.*##.###.#


You could see an orc warrior, a white imp and an orc.

Vanquished Creatures
  Sigmund (D:2)
  Eustachio (D:4)
  A black bear (D:4)
  A phantom (D:4)
  A hound (D:3)
  An orc priest (D:4)
  Ijyb (D:3)
  4 gnolls (D:2)
  4 adders
  3 worms
  4 dart slugs
  9 orcs
  10 endoplasms
  6 giant cockroaches
  8 goblins
  3 hobgoblins
  5 kobolds
  5 quokkas
  7 ball pythons
  7 bats
  4 frilled lizards
  4 rats
90 creatures vanquished.

Notes
Turn   | Place    | Note
-------+----------+-------------------------------------------
     0 | D:1      | Muataran the Troll Monk began the quest for the Orb.
     0 | D:1      | Reached XP level 1. HP: 22/22 MP: 0/0
   120 | D:1      | Reached XP level 2. HP: 26/29 MP: 1/1
   380 | D:1      | Reached XP level 3. HP: 36/36 MP: 2/2
   860 | D:2      | Reached skill level 4 in Unarmed Combat
   878 | D:2      | Reached XP level 4. HP: 29/44 MP: 3/3
  1102 | D:3      | Found an ornate altar of the Wu Jian Council.
  1117 | D:3      | Noticed Ijyb
  1135 | D:3      | Killed Ijyb
  1151 | D:3      | Found a burning altar of Makhleb.
  1161 | D:3      | Found a sparkling altar of Nemelex Xobeh.
  1426 | D:3      | Reached XP level 5. HP: 48/53 MP: 4/4
  1736 | D:3      | Became a worshipper of Makhleb the Destroyer
  1736 | D:3      | Reached * piety under Makhleb
  1736 | D:3      | Reached ** piety under Makhleb
  1776 | D:4      | Found a glowing silver altar of Zin.
  1820 | D:4      | Noticed Eustachio
  1836 | D:4      | Killed Eustachio
  1837 | D:4      | Reached skill level 5 in Unarmed Combat
  1837 | D:4      | Reached skill level 1 in Invocations
  1837 | D:4      | Reached XP level 6. HP: 47/61 MP: 5/5
  1908 | D:4      | Found a staircase to the Ecumenical Temple.
  1954 | D:4      | Found a radiant altar of Vehumet.
  2009 | D:4      | Found a stormy altar of Qazlal.
  2166 | D:4      | Identified the +5 rapier of the Sandy God {flame, rElec
                  | rF+++ Str+2 Int-3}
  2192 | D:4      | Reached XP level 7. HP: 57/68 MP: 7/7
  2367 | D:5      | Entered Level 5 of the Dungeon
  2451 | D:2      | Found a faded altar of an unknown god.
  2491 | D:2      | Noticed Sigmund
  2501 | D:2      | Killed Sigmund
  2502 | D:2      | Reached skill level 6 in Unarmed Combat
  2901 | D:5      | Found a basalt altar of Yredelemnul.
  2901 | D:5      | Shot with a bolt by an orc warrior

Illustrated notes

Levels and vault maps discovered:
D:1:      dpeg_arrival_pond, layout_loops_cross
D:2:      layout_loops_ring, shapermc_ecumenical_altar_starsandcircs,
          uniq_sigmund
D:3:      layout_loops_ring, nicolae_wu_jian_wuxing_cycle,
          mainiacjoe_overflow_big_doors, uniq_ijyb
D:4:      layout_rooms, mainiacjoe_overflow_24_doors, grunt_qazlal_sundering,
          nicolae_vehumet_radiance, minmay_temple_entry_stoned_glass,
          uniq_eustachio
D:5:      layout_loops_ring, mainiacjoe_overflow_catch_the_wave,
          nicolae_elevator_lobby_asterisk, uniq_grinder

Skill      XL: |  1  2  3  4  5  6  7 |
---------------+----------------------+-----
Unarmed Combat | 4 5 6 |  6.2
Dodging        | 3 4 |  4.0
Fighting       | 3 |  3.9
Invocations    | 1 2 |  2.2
Stealth        | |  1.0

Action                   |  1- 3 |  4- 6 |  7- 9 || total
-------------------------+-------+-------+-------++-------
Melee: Unarmed           |    92 |   129 |    28 ||   249
       Punch             |     2 |     4 |       ||     6
  Use: Scroll            |       |     4 |     1 ||     5
       Potion            |       |       |     1 ||     1
 Stab: Sleeping          |     2 |       |       ||     2
Armor: Robe              |    38 |    27 |     4 ||    69
Dodge: Dodged            |    69 |    44 |    13 ||   126

Table legend: (Time is in decaauts)
 A = Elapsed time spent in this place.
 B = Non-inter-level travel time spent in this place.
 C = Inter-level travel time spent in this place.
 D = Time resting spent in this place.
 E = Time spent auto-exploring this place.
 F = Levels seen in this place.
 G = Mean time per level.
                   A        B        C        D        E       F      G
               +--------+--------+--------+--------+--------+-----+--------+
         Total |   2884 |   2526 |    358 |      2 |   1925 |   5 |  576.8 |
       Dungeon |   2884 |   2526 |    358 |      2 |   1925 |   5 |  576.8 |
               +--------+--------+--------+--------+--------+-----+--------+

Top non-repeatable levels by time:
     D:2: 838 daAuts
     D:3: 689 daAuts
     D:1: 638 daAuts
     D:4: 636 daAuts
     D:5: 81 daAuts
